 Dungeon Crawl Stone Soup version 0.27-a0-277-g024f7ef292 (webtiles) character file.

Game seed: 16312320809635514652

59 skwiii the Stinger (level 4, -3/30 HPs)
             Began as a Merfolk Venom Mage on Feb 6, 2021.
             Was a Follower of Wu Jian.
             Slain by a hobgoblin
             ... wielding a +0 club
              (5 damage)
             ... on level 2 of the Dungeon.
             The game lasted 00:06:11 (2100 turns).

skwiii the Stinger (Merfolk Venom Mage)             Turns: 2100, Time: 00:06:11

Health: -3/30      AC:  2    Str:  8    XL:     4   Next: 3%
Magic:  0/7        EV: 13    Int: 15    God:    Wu Jian [*.....]
Gold:   85         SH:  0    Dex: 14    Spells: 5/8 levels left

rFire    . . .     SeeInvis .   (no weapon)
rCold    . . .     Faith    .   (no shield)
rNeg     . . .     Spirit   +   a - +0 robe
rPois    .         Reflect  .   (no helmet)
rElec    .         Harm     .   (no cloak)
rCorr    .         Rampage  .   (no gloves)
Will     .....                  (no boots)
Stlth    ++........             e - amulet of guardian spirit
HPRegen  0.10/turn              (no ring)
MPRegen  0.10/turn              (no ring)

@: no status effects
A: change form in water, swift swim, stealthy swim
a: Renounce Religion


You were on level 2 of the Dungeon.
You worshipped Wu Jian.
Wu Jian was aware of your devotion.
You visited 1 branch of the dungeon, and saw 2 of its levels.

You collected 85 gold pieces.

Inventory:

Armour
 a - a +0 robe (worn)
Jewellery
 e - an amulet of guardian spirit (around neck)
Scrolls
 d - 6 scrolls of identify
 f - 2 scrolls of amnesia {unknown}
 h - a scroll of remove curse {unknown}
 i - a scroll of teleportation {unknown}
 l - a scroll of immolation {unknown}
 m - a scroll of noise {unknown}
Potions
 b - a potion of berserk rage {unknown}
 c - a potion of mutation {unknown}
 g - a potion of might {unknown}
 j - a potion of curing {unknown}
 k - a potion of heal wounds {unknown}


   Skills:
 - Level 2.7 Dodging
 - Level 2.5 Stealth
 + Level 2.5 Spellcasting
 - Level 2.0 Transmutations
 + Level 4.5 Poison Magic


You had 5 spell levels left.
You knew the following spells:

 Your Spells              Type           Power        Failure   Level
a - Sting                 Tmut/Pois      44%          5%          1
b - Poisonous Vapours     Pois/Air       16%          13%         2

Your spell library contained the following spells:

 Spells                   Type           Power        Failure   Level
 Ignite Poison            Fire/Tmut/Pois 8%           26%         3
 Olgreb's Toxic Radiance  Pois           15%          32%         4
 Mephitic Cloud           Conj/Pois/Air  6%           34%         3


Dungeon Overview and Level Annotations

Branches:
Dungeon (2/15)

Altars:
Wu Jian

Annotations:
D:2 Jessica, Natasha


Message History

Press: ? - help, Q - select action, (/) - cycle Shift-Dir - straight line, f - adder
Aim: an adder (47% to evade)
The sting hits the adder.
The adder is poisoned.
The adder is lightly wounded.
The adder closely misses you.
The hobgoblin hits you but does no damage.
The adder completely misses you.
You don't have enough magic to cast that spell.
Unknown command.
You spin and attack the adder.
You barely miss the adder. The adder misses you.
You barely miss the adder. The adder barely misses you.
The hobgoblin hits you with a +0 club.
* * * LOW HITPOINT WARNING * * *
You hit the adder.
The adder is lightly wounded.
The adder misses you. x2
You barely miss the adder.
The adder is lightly wounded.
The hobgoblin hits you with a +0 club.
You die...

#.# # #.#
#.# #.# #
#.# # #.# #
#.#
#########.#
#@S.......#
#g#######.#
#h# ### #.#
#.# #.# #..
#.. ##.


You could see Natasha, an adder (poisoned) and a hobgoblin.

Vanquished Creatures
  2 adders (D:2)
  An ooze (D:1)
  A worm (D:2)
  2 dart slugs (D:1)
  A leopard gecko (D:1)
  5 bats
  A giant cockroach (D:2)
  5 goblins
  A hobgoblin (D:1)
  3 jackals (D:1)
  2 frilled lizards
  3 kobolds (D:1)
  A rat (D:2)
28 creatures vanquished.

Notes
Turn   | Place    | Note
-------+----------+-------------------------------------------
     0 | D:1      | skwiii the Merfolk Venom Mage began the quest for the Orb.
     0 | D:1      | Reached XP level 1. HP: 13/13 MP: 3/3
    68 | D:1      | Reached XP level 2. HP: 11/19 MP: 0/5
   392 | D:1      | Reached skill level 4 in Poison Magic
   826 | D:1      | Reached XP level 3. HP: 24/24 MP: 3/6
  1325 | D:2      | Learned a level 2 spell: Poisonous Vapours
  1821 | D:2      | Reached XP level 4. HP: 30/30 MP: 0/7
  1987 | D:2      | Noticed Jessica
  2060 | D:2      | Found a faded altar of an unknown god.
  2069 | D:2      | Became a worshipper of the Wu Jian Council
  2069 | D:2      | Reached * piety under Wu Jian
  2092 | D:2      | Noticed Natasha
  2100 | D:2      | Slain by a hobgoblin

Illustrated notes

Levels and vault maps discovered:
D:1:      minmay_arrival_stone_box, layout_loops_ring
D:2:      layout_basic, chequers_ecumenical_altar_simple_redux,
          uniq_crazy_yiuf_cottage, uniq_natasha, uniq_jessica

Skill      XL: |  1  2  3 |
---------------+----------+-----
Poison Magic   | 4 |  4.5
Transmutations | 2 |  2.0
Dodging        | |  2.7
Stealth        | |  2.5
Spellcasting   | |  2.5

Action                   |  1- 3 |  4- 6 || total
-------------------------+-------+-------++-------
Melee: Unarmed           |     9 |     7 ||    16
 Cast: Sting             |    36 |     3 ||    39
       Poisonous Vapours |    11 |     8 ||    19
Invok: Whirlwind         |       |     4 ||     4
  Use: Scroll            |     1 |       ||     1
 Stab: Sleeping          |     1 |       ||     1
Armor: Robe              |    11 |     4 ||    15
Dodge: Dodged            |    41 |    35 ||    76

Table legend: (Time is in decaauts)
 A = Elapsed time spent in this place.
 B = Non-inter-level travel time spent in this place.
 C = Inter-level travel time spent in this place.
 D = Time resting spent in this place.
 E = Time spent auto-exploring this place.
 F = Levels seen in this place.
 G = Mean time per level.
                   A        B        C        D        E       F      G
               +--------+--------+--------+--------+--------+-----+--------+
         Total |   2099 |   2092 |      7 |    141 |   1377 |   2 | 1049.5 |
       Dungeon |   2099 |   2092 |      7 |    141 |   1377 |   2 | 1049.5 |
               +--------+--------+--------+--------+--------+-----+--------+

Top non-repeatable levels by time:
     D:1: 1310 daAuts
     D:2: 789 daAuts
